 Dungeon Crawl Stone Soup version 0.25-a0-785-gb22c70e859 (webtiles) character file.

Game seed: 1153119100253873767, levelgen mode: deterministic

53 mopl the Chopper (level 3, -2/28 HPs)
             Began as a Demonspawn Skald on Apr 17, 2020.
             Slain by a hound (4 damage)
             ... on level 3 of the Dungeon.
             The game lasted 00:02:56 (1475 turns).

mopl the Chopper (Demonspawn Skald)                 Turns: 1475, Time: 00:02:56

Health: -2/28      AC:  3    Str: 12    XL:     3   Next: 64%
Magic:  3/6        EV: 11    Int: 14    God:
Gold:   99         SH:  3    Dex: 12    Spells: 1/6 levels left

rFire    . . .     SeeInvis .   a - +0 hand axe
rCold    . . .     Gourm    .   h - +0 buckler
rNeg     . . .     Faith    .   b - +0 leather armour
rPois    .         Spirit   .   (helmet restricted)
rElec    .         Reflect  .   (no cloak)
rCorr    .         Harm     .   (no gloves)
MR       .....                  (no boots)
Stlth    +.........             (no amulet)
HPRegen  0.09/turn              (no ring)
MPRegen  0.10/turn              (no ring)

@: infused, very slightly contaminated
A: antennae 2
a: no special abilities


You were on level 3 of the Dungeon.
You were not hungry.

You visited 1 branch of the dungeon, and saw 3 of its levels.

You collected 99 gold pieces.

Inventory:

Hand Weapons
 a - a +0 hand axe (weapon)
Armour
 b - a +0 leather armour (worn)
 h - a +0 buckler (worn)
 j - a +0 chain mail
Jewellery
 l - a +3 ring of strength {unknown}
 m - an uncursed amulet of harm
Scrolls
 c - a scroll of teleportation {unknown}
 e - a scroll of identify {unknown}
 g - a scroll of random uselessness {unknown}
 i - a scroll of remove curse {unknown}
Potions
 f - 2 potions of heal wounds {unknown}
 k - a potion of magic {unknown}
Comestibles
 d - 3 rations


   Skills:
 + Level 2.8 Fighting
 * Level 3.2 Axes
 - Level 0.8 Armour
 - Level 1.7 Dodging
 - Level 2.0 Spellcasting
 - Level 2.6 Charms


You had one spell level left.
You knew the following spells:

 Your Spells              Type           Power        Failure   Level  Hunger
a - Infusion              Chrm           #...         17%         1    ##.....
b - Song of Slaying       Chrm           #.......     26%         2    ###....
f - Shroud of Golubria    Chrm/Tloc      #.....       41%         2    ###....

Your spell library contained the following spells:

 Spells                   Type           Power        Failure   Level  Hunger
 Ozocubu's Armour         Chrm/Ice       #.......     65%         3    ####...
 Spectral Weapon          Hex/Chrm       #.......     65%         3    ####...


Dungeon Overview and Level Annotations

Branches:
Dungeon (3/15)

Altars:


Innate Abilities, Weirdness & Mutations

You have a pair of antennae on your head.


Message History

The hound bites you but does no damage. The hound completely misses you.
You miss the hound.
The hound is lightly wounded.
The hound bites you.
* * * LOW HITPOINT WARNING * * *
The hound bites you.
* * * LOW HITPOINT WARNING * * *
You miss the hound.
The hound is lightly wounded.
The hound bites you.
* * * LOW HITPOINT WARNING * * *
The hound closely misses you.
You closely miss the hound.
The hound is lightly wounded.
The hound bites you.
* * * LOW HITPOINT WARNING * * *
You hit the hound.
The hound is lightly wounded.
The hound barely misses you. The hound bites you.
You die...

# .. .## ... ..## #
#.## #..# .# #...
#..## ###.#
#....#(..# ###...#
#....#...# ##..@h.#
#(.......###......#
######....##..###.#
. #....#...# .#
...####....#...##..#
....)..............#
########.###########
#+# #.# #.####.####


You could see a hound.

Vanquished Creatures
  3 dart slugs
  A leopard gecko (D:1)
  3 bats
  2 giant cockroaches
  9 goblins
  6 hobgoblins
  3 jackals
  4 kobolds
  3 ball pythons
  3 frilled lizards (D:2)
  5 rats
42 creatures vanquished.

Notes
Turn   | Place    | Note
-------+----------+-------------------------------------------
     0 | D:1      | mopl the Demonspawn Skald began the quest for the Orb.
     0 | D:1      | Reached XP level 1. HP: 16/16 MP: 3/3
    20 | D:1      | Reached skill level 2 in Axes
    80 | D:1      | Gained mutation: You have a pair of small antennae on your
                  | head. [demonic ancestry]
    80 | D:1      | Reached XP level 2. HP: 14/22 MP: 3/5
    91 | D:1      | Learned a level 2 spell: Song of Slaying
    94 | D:1      | Learned a level 2 spell: Shroud of Golubria
   832 | D:2      | Gained mutation: You have a pair of antennae on your head.
                  | [demonic ancestry]
   832 | D:2      | Reached XP level 3. HP: 20/28 MP: 6/6
   977 | D:2      | Reached skill level 3 in Axes
  1474 | D:3      | HP: 1/28 [hound (2)]
  1475 | D:3      | Slain by a hound

Levels and vault maps discovered:
D:1:      minmay_arrival_plants_in_alcoves, layout_loops_ring,
          minmay_parallelograms
D:2:      layout_loops_cross
D:3:      minmay_recursive_quarters, layout_loops_corners,
          gammafunk_temple_overflow_forgotten, chequers_ecumenical_altar_island,
          uniq_natasha, uniq_jessica

Skill      XL: |  1  2  3 |
---------------+----------+-----
Axes           | 2 3 |  3.2
Fighting       | |  2.8
Armour         | |  0.8
Dodging        | |  1.7
Spellcasting   | |  2.0
Charms         | |  2.6

Action                   || total
-------------------------++-------
Melee: Hand axe          ||   149
 Cast: Infusion          ||    12
  Eat: Chunk             ||     2
Armor: Leather armour    ||    31
Dodge: Dodged            ||   102
Block: Buckler           ||    16

Table legend:
 A = Non-vault XP
 B = Vault XP
 C = Vault XP percentage of total XP
 D = Non-vault monster count
 E = Vault monster count
 F = Vault count percentage of total count
                 A         B        C        D         E       F
            +---------+---------+-------+---------+---------+-------
      Total |      71 |       6 |   7.8 |      39 |       3 |   7.1
            +---------+---------+-------+---------+---------+-------
        D:1 |      40 |       0 |   0.0 |      22 |       0 |   0.0
        D:2 |      28 |       0 |   0.0 |      15 |       0 |   0.0
        D:3 |       3 |       6 |  66.7 |       2 |       3 |  60.0
            +---------+---------+-------+---------+---------+-------
